 Dungeon Crawl Stone Soup version 0.21.1-1-g345015fe64 (webtiles) character file.

900 Rappy the Cleaver (level 7, -1/60 HPs)
             Began as a Minotaur Fighter on Feb 17, 2018.
             Killed by divine providence
             ... invoked by an orc priest
              (15 damage)
             ... on level 5 of the Dungeon.
             The game lasted 00:21:32 (2901 turns).

Rappy the Cleaver (Minotaur Fighter)                Turns: 2901, Time: 00:21:32

Health: -1/60      AC: 16    Str: 22    XL:     7   Next: 79%
Magic:  6/6        EV:  5    Int:  5    God:
Gold:   62         SH: 10    Dex: 10    Spells: 6/6 levels left

rFire    . . .     SeeInvis .   a - +0 war axe
rCold    + . .     Gourm    .   c - +0 shield
rNeg     . . .     Faith    .   A - +0 plate armour
rPois    .         Spirit   .   g - +2 hat
rElec    .         Reflect  .   u - +0 cloak
rCorr    .         Harm     .   (no gloves)
MR       .....                  k - +0 pair of boots
Stlth    ..........             (no amulet)
HPRegen  0.20/turn              y - ring of flight
MPRegen  0.10/turn              D - ring of protection from cold

@: no status effects
A: retaliatory headbutt, horns 2
a: Evoke Flight


You were on level 5 of the Dungeon.
You were not hungry.

You visited 1 branch of the dungeon, and saw 5 of its levels.

You collected 127 gold pieces.
You spent 65 gold pieces at shops.

Inventory:

Hand Weapons
 a - a +0 war axe (weapon)
 d - a +1 dagger of protection
 n - a +2 dagger of electrocution
 t - a +4 quarterstaff of chaos
 w - a +0 long sword
Missiles
 i - 90 stones (quivered)
Armour
 b - a +0 scale mail
 c - a +0 shield (worn)
 g - a +2 hat (worn)
 k - a +0 pair of boots (worn)
 u - a +0 cloak (worn)
 A - a +0 plate armour (worn)
Jewellery
 h - an uncursed amulet of faith {unknown}
 y - a ring of flight (left hand)
 D - a ring of protection from cold (right hand)
 E - an uncursed ring of flight
Wands
 z - a wand of paralysis (10)
Scrolls
 j - 3 scrolls of identify
 m - 4 scrolls of enchant armour
 p - 3 scrolls of blinking {unknown}
 s - a scroll of fog {unknown}
 v - a scroll of random uselessness {unknown}
 C - a scroll of magic mapping {unknown}
 F - a scroll of remove curse {unknown}
Potions
 e - a potion of heal wounds {unknown}
 l - a potion of berserk rage {unknown}
 o - a potion of curing
 q - 2 potions of haste
 r - a potion of degeneration {unknown}
 x - a potion of flight {unknown}
 B - a potion of agility {unknown}
Comestibles
 f - 6 rations


   Skills:
 + Level 4.8 Fighting
 * Level 8.2 Axes
 + Level 5.3 Armour
 * Level 2.1 Dodging
 + Level 5.6 Shields


You had 6 spell levels left.
You didn't know any spells.

Dungeon Overview and Level Annotations

Branches:
Dungeon (4/15)
 Temple: D:4-7

Altars:
Hepliaklqana
Uskayaw

Shops:
D:4 [(%   D:5 =


Innate Abilities, Weirdness & Mutations

You reflexively headbutt those who attack you in melee.
You have a pair of horns on your head.


Message History

The orc is almost dead.
You block the orc's attack.
The orc priest invokes the aid of Beogh against you.
Beogh smites you!
* * * LOW HITPOINT WARNING * * *
You slash the orc!
You kill the orc!
You closely miss the orc priest. Your headbutt misses the orc priest.
The orc priest hits you but does no damage.
You hit the orc priest but do no damage.
The orc priest hits you but does no damage.
You closely miss the orc priest. You block the orc priest's attack.
You hit the orc priest. Your headbutt misses the orc priest.
The orc priest is moderately wounded.
The orc priest hits you but does no damage.
You slash the orc priest!
The orc priest is almost dead.
The orc priest calls down the wrath of Beogh upon you.
Beogh smites you!
You die...

#####....
#......#
#......#
#......#
#......#
#......#
#......#
#o##+### #
#@# . #####
#[#
....###....
#.#
#...(..##
#.#
######.##
#.# #...##
#.# #.#...
#.# #.#...
#.# ##.#...
#.# #......


You could see an orc priest.

Vanquished Creatures
  The ghost of BrokenGlass the Insei, an amateur OpFi (D:5)
  A phantom (D:4)
  A scorpion (D:4)
  3 howler monkeys
  2 orc priests
  Crazy Yiuf (D:2)
  2 orc wizards (D:5)
  A hound (D:5)
  An iguana (D:4)
  3 worker ants
  Robin (D:2)
  6 adders
  2 dart slugs
  2 worms (D:3)
  3 leopard geckos
  9 orcs
  5 giant cockroaches
  11 goblins
  12 hobgoblins
  10 jackals
  3 quokkas
  A ball python (D:1)
  4 bats
  3 frilled lizards
  10 kobolds
  2 quokka skeletons
  24 rats
124 creatures vanquished.

Vanquished Creatures (others)
  An orc wizard (D:4)
  A hobgoblin (D:1)
2 creatures vanquished.

Grand Total: 126 creatures vanquished

Notes
Turn   | Place    | Note
-------+----------+-------------------------------------------
     0 | D:1      | Rappy the Minotaur Fighter began the quest for the Orb.
     0 | D:1      | Reached XP level 1. HP: 19/19 MP: 0/0
    73 | D:1      | Reached XP level 2. HP: 27/27 MP: 1/1
   353 | D:1      | Reached skill level 3 in Axes
   397 | D:1      | Reached XP level 3. HP: 28/33 MP: 2/2
   654 | D:2      | Noticed Robin
   669 | D:2      | Killed Robin
   788 | D:2      | Reached XP level 4. HP: 31/40 MP: 3/3
   829 | D:2      | Found a hide-covered altar of Uskayaw.
   832 | D:2      | Noticed a dagger
   833 | D:2      | Noticed a dagger
   866 | D:2      | Reached skill level 4 in Axes
  1256 | D:2      | Found a runed door.
  1260 | D:2      | Noticed Crazy Yiuf
  1264 | D:2      | Killed Crazy Yiuf
  1264 | D:2      | Reached XP level 5. HP: 45/46 MP: 4/4
  1537 | D:3      | Reached skill level 5 in Axes
  2148 | D:4      | Reached XP level 6. HP: 51/53 MP: 5/5
  2198 | D:4      | Found Meon's Food Emporium.
  2204 | D:4      | Bought a ration for 65 gold pieces
  2252 | D:4      | Reached skill level 6 in Axes
  2268 | D:4      | Found Gasoaf's Antique Armour Shoppe.
  2275 | D:4      | Reached skill level 5 in Shields
  2311 | D:4      | Found Uzebas's Weapon Shop.
  2684 | D:4      | Reached skill level 7 in Axes
  2684 | D:4      | Reached XP level 7. HP: 44/60 MP: 6/6
  2688 | D:4      | You fall through a shaft!
  2688 | D:5      | Entered Level 5 of the Dungeon
  2688 | D:5      | Found Juangie's Jewellery Boutique.
  2695 | D:5      | Reached skill level 1 in Dodging
  2708 | D:5      | Noticed BrokenGlass's ghost (amateur OpFi)
  2721 | D:5      | Killed BrokenGlass's ghost
  2721 | D:5      | Reached skill level 5 in Armour
  2812 | D:5      | Reached skill level 8 in Axes
  2827 | D:5      | Found a hazy altar of Hepliaklqana.
  2901 | D:5      | Killed from afar by an orc priest

Skill      XL: |  1  2  3  4  5  6  7 |
---------------+----------------------+-----
Armour         | 4 5 |  5.3
Shields        | 4 5 |  5.6
Fighting       | 4 |  4.8
Axes           | 3 4 5 7 8 |  8.2
Dodging        | 2 |  2.1

Action                   |  1- 3 |  4- 6 |  7- 9 || total
-------------------------+-------+-------+-------++-------
Melee: War axe           |    92 |   156 |    44 ||   292
       Headbutt          |     9 |    27 |     8 ||    44
  Use: Scroll            |       |     5 |       ||     5
       Potion            |       |       |     2 ||     2
  Eat: Chunk             |       |     4 |       ||     4
       Ration            |       |     1 |       ||     1
Armor: Scale mail        |    44 |    35 |       ||    79
       Plate armour      |       |    29 |    35 ||    64
Dodge: Dodged            |    27 |    51 |     5 ||    83
Block: Shield            |    58 |    75 |    14 ||   147
